 Dungeon Crawl Stone Soup version 0.30-a0-34-gbe8da3892a (webtiles) character file.

Game seed: 14643397181845176151

32435 frimble the Carver (level 13, -1/101 HPs)
             Began as a Demonspawn Air Elementalist on Aug 28, 2022.
             Was a High Priest of Okawaru.
             Slain by Jorgrun
             ... wielding a +0 vorpal quarterstaff
              (10 damage)
             ... on level 12 of the Dungeon.
             The game lasted 00:22:18 (15059 turns).

frimble the Carver (Demonspawn Air Elementalist)   Turns: 15059, Time: 00:22:18

Health: -1/101     AC:  9    Str:  6    XL:     13   Next: 31%
Magic:  0/19       EV: 22    Int: 20    God:    Okawaru [*****.]
Gold:   606        SH:  0    Dex: 21    Spells: 13/16 levels left

rFire   + + .      SeeInvis +    m - +4 scimitar (vamp)
rCold   . . .      Faith    .    (no shield)
rNeg    . . .      Spirit   +    d - +1 robe of Relativism {rElec rF++ Str-3 Stlth+}
rPois   .          Reflect  .    (helmet unavailable)
rElec   +          Harm     .    (no cloak)
rCorr   .          Rampage  .    (no gloves)
Will    .....                    S - +1 pair of boots
Stlth   +++++++...               (no amulet)
HPRegen 0.26/turn                x - +6 ring of dexterity
MPRegen 0.32/turn                n - +4 ring of protection

@: about to teleport, heroic, grasped by roots, attractive, slowed, constricted,
very slow
A: antennae 3, repulsion field 2, (demonic guardian 1), magic shield, magic
regeneration
a: Renounce Religion, Heroism, Finesse, Duel


You were on level 12 of the Dungeon.
You worshipped Okawaru.
Okawaru was extremely pleased with you.
You visited 2 branches of the dungeon, and saw 13 of its levels.
You also visited: Sewer.

You collected 778 gold pieces.
You spent 172 gold pieces at shops.

Inventory:

Hand Weapons
 a - a +5 spectral scimitar
 b - the +6 short sword "X" {venom, Will+ Int+5 Stlth+}
   (You found it on level 6 of the Dungeon)

   It poisons the flesh of those it strikes.
   Int:       It affects your intelligence (+5).
   Will:      It increases your willpower.
   Stlth:     It makes you more stealthy.
 m - a +4 vampiric scimitar (weapon)
 M - the +10 lajatang "Cekiass" {vamp, rCorr}
   (Okawaru gifted it to you on level 10 of the Dungeon)

   It occasionally heals its wielder for a portion of the damage dealt when it
   wounds a living foe.
   rCorr:     It protects you from acid and corrosion.
Missiles
 K - 2 throwing nets
Armour
 d - the +1 robe of Relativism (worn) {rElec rF++ Str-3 Stlth+}
   (You bought it in a shop on level 6 of the Dungeon)

   Str:       It affects your strength (-3).
   rF:        It greatly protects you from fire.
   rElec:     It insulates you from electricity.
   Stlth:     It makes you more stealthy.
 l - a +2 robe of fire resistance
 B - a +2 scale mail of cold resistance
 S - a +1 pair of boots (worn)
Jewellery
 c - a ring of flight
 k - a +6 ring of strength
 n - a +4 ring of protection (right hand)
 o - a ring of wizardry
 x - a +6 ring of dexterity (left hand)
 I - a +4 ring of protection
 J - a ring of positive energy
 T - a ring of fire
Wands
 y - a wand of flame (49)
 C - a wand of digging (5)
 D - a wand of polymorph (16)
 G - a wand of acid (10)
 P - a wand of mindburst (6)
Scrolls
 g - 2 scrolls of teleportation
 i - a scroll of silence
 p - a scroll of torment
 r - 2 scrolls of identify
 v - 3 scrolls of amnesia
 F - 2 scrolls of vulnerability
 H - a scroll of brand weapon
 O - a scroll of magic mapping
 Q - a scroll of enchant weapon
Potions
 e - 2 potions of brilliance
 f - 6 potions of heal wounds
 h - a potion of ambrosia
 j - 3 potions of flight
 q - a potion of attraction
 s - 2 potions of cancellation
 u - 3 potions of mutation
 z - 2 potions of berserk rage
 A - 2 potions of curing
 E - a potion of lignification
 L - a potion of invisibility
 N - a potion of resistance
 R - 2 potions of haste
Miscellaneous
 t - a condenser vane (inert)


   Skills:
 + Level 9.3(14.3) Fighting
 + Level 11.9(16.9) Long Blades
 + Level 8.3(13.3) Dodging
 + Level 7.9(12.9) Stealth
 - Level 2.0 Spellcasting
 - Level 2.7 Conjurations
 - Level 6.0 Ice Magic
 - Level 2.7 Air Magic
 - Level 9.0 Invocations


You had 13 spell levels left.
You knew the following spells:

 Your Spells              Type           Power      Damage    Failure   Level
b - Frozen Ramparts       Ice            52%        1d8       4%          3

Your spell library contained the following spells:

 Spells                   Type           Power      Damage    Failure   Level
 Shock                    Conj/Air       52%        1d6       4%          1
 Static Discharge         Conj/Air       26%        3-5/arc   8%          2
 Poisonous Vapours        Pois/Air       14%        N/A       14%         2
 Beastly Appendage        Tmut           4%         N/A       16%         1
 Swiftness                Air            13%        N/A       16%         3
 Wereblood                Tmut           2%         N/A       24%         2
 Ice Form                 Ice/Tmut       14%        N/A       41%         4
 Spider Form              Tmut/Pois      2%         N/A       43%         3
 Airstrike                Air            6%         2d(1-17)  45%         4
 Corpse Rot               Necr/Pois/Air  5%         N/A       71%         4
 Cause Fear               Hex            1%         N/A       83%         4
 Passage of Golubria      Tloc           2%         N/A       83%         4
 Yara's Violent Unravell  Hex/Tmut       1%         3d3       99%         5
 Dragon Form              Tmut           1%         N/A       100%        7
 Summon Ice Beast         Ice/Summ       Unusable   N/A       N/A         4
 Tukima's Dance           Hex            Unusable   N/A       N/A         3
 Dragon's Call            Summ           Unusable   N/A       N/A         9

Dungeon Overview and Level Annotations

Branches:
Dungeon (12/15)            Temple (1/1) D:7            Lair (0/5) D:11
  Sewer (visited)
    Orc: D:9-12

Altars:
Ashenzari
Cheibriados
Dithmenos
Fedhas
Gozag
Hepliaklqana
Nemelex Xobeh
Okawaru
Qazlal
Ru
Sif Muna
Wu Jian
Yredelemnul

Shops:
D:4 (   D:6 [   D:9 =   D:11 !

Annotations:
D:12 Jorgrun


Innate Abilities, Weirdness & Mutations

You have a pair of large antennae on your head. (SInv)
You are surrounded by a moderate repulsion field. (EV +3)
((A weak demonic guardian rushes to your aid.))
When hurt, damage is shared between your health and your magic reserves.
You regenerate magic rapidly.


Message History

The grasping roots constrict you!
A howler monkey comes into view.
The howler monkey is attracted toward you.
Okay, then.
Unknown command.
Okay, then.
Unknown command.
Okay, then.
Unknown command.
Your spectral weapon disappears.
You feel a sense of dread.
m - a +4 vampiric scimitar (weapon)
The freezing wraith completely misses you. x2
Jorgrun hits you with a +0 vorpal quarterstaff!!
The grasping roots constrict you!
* * * LOW HITPOINT WARNING * * *
The howler monkey is attracted toward you.
Okay, then.
Unknown command.
Okay, then.
Unknown command.
As you read the scroll of teleportation, it crumbles to dust.
You feel strangely unstable. The freezing wraith barely misses you.
The freezing wraith misses you. Jorgrun barely misses you.
The grasping roots constrict you.
* * * LOW HITPOINT WARNING * * *
The roots grasp on you weakens, but your attempt to escape fails.
The howler monkey closely misses you.
A howler monkey comes into view.
The freezing wraith closely misses you. The freezing wraith misses you.
Jorgrun closely misses you. The grasping roots constrict you!
* * * LOW HITPOINT WARNING * * *
The howler monkey is attracted toward you.
The roots grasp on you weakens, but your attempt to escape fails.
The howler monkey hoots and howls with incredible vigour!
The freezing wraith completely misses you.
The freezing wraith hits you!
* * * LOW HITPOINT WARNING * * *
The freezing wraith drains your vigour!
You feel yourself slow down.
Jorgrun hits you with a +0 vorpal quarterstaff!
You die...

#########.# #.##.#
#.# #.## # ##.## #..
#...# #.# #...# #.##
#...########.§§##
#.........#.§§☼§.
#.........g§§§○§#
..........(.@W§....#
.............h..§h##
..>............§....§
####.....###....$....
#.###.. ....#..... #.
##....>..#. ###.##.##
.. ..


You could see Jorgrun (extremely poisoned), a freezing wraith and 2 howler
monkeys.

Vanquished Creatures
  A centaur warrior (D:8)
  4 two-headed ogres
  Pikel (D:8)
  2 deep elf pyromancers
  3 cyclopes
  An unseen horror (D:11)
  4 unseen horror zombies (D:9)
  4 trolls
  2 hornets
  Sigmund (D:5)
  A shadow (D:11)
  2 water elementals (D:11)
  2 wraiths (D:7)
  22 yaks
  4 wyverns
  Edmund (D:5)
  2 acid dragons
  3 water moccasins
  Duvessa (D:5)
  8 orc warriors
  7 sky beasts
  2 ice beasts
  2 black bears
  2 wolves (D:11)
  An ogre (D:5)
  6 centaurs
  A lemure (D:8)
  6 kobold brigands
  5 bullfrogs
  5 scorpions
  A necrophage (D:7)
  13 wights
  Dowan (D:5)
  3 killer bees (D:10)
  A howler monkey (D:7)
  4 centaur zombies (D:9)
  7 hounds
  A gnoll bouda (D:8)
  6 orc priests
  A jelly (D:5)
  Terence (D:3)
  2 iguanas (D:6)
  12 orc wizards
  5 howler monkey zombies (D:9)
  5 gnolls (D:8)
  7 adders
  A shadow imp (D:7)
  3 white imps (D:7)
  An ufetubus (D:6)
  3 worms
  A dart slug (D:4)
  59 orcs
  7 ball pythons
  9 endoplasms
  7 giant cockroaches
  12 goblins
  2 hobgoblins
  8 jackals (D:2)
  12 quokkas
  10 bats
  5 frilled lizards
  29 kobolds
  8 rats
353 creatures vanquished.

Vanquished Creatures (others)
  6 plants (D:2)
  2 withered plants (D:9)
8 creatures vanquished.

Grand Total: 361 creatures vanquished

Notes
Turn   | Place    | Note
-------+----------+-------------------------------------------
     0 | D:1      | frimble the Demonspawn Air Elementalist began the quest for
                  | the Orb.
     0 | D:1      | Reached XP level 1. HP: 13/13 MP: 3/3
   362 | D:1      | Gained mutation: You regenerate magic rapidly. [demonic
                  | ancestry]
   362 | D:1      | Reached XP level 2. HP: 16/19 MP: 5/5
   835 | D:1      | Found a faded altar of an unknown god.
   988 | D:1      | Gained mutation: When hurt, damage is shared between your
                  | health and your magic reserves. [demonic ancestry]
   988 | D:1      | Reached XP level 3. HP: 24/24 MP: 4/6
  1016 | D:1      | Learned a level 3 spell: Frozen Ramparts
  1749 | D:2      | Reached skill level 1 in Ice Magic
  2103 | D:2      | Found an iron altar of Okawaru.
  2601 | D:2      | Became a worshipper of Warmaster Okawaru
  2639 | D:3      | Gained mutation: A weak demonic guardian rushes to your
                  | aid. [demonic ancestry]
  2639 | D:3      | Reached XP level 4. HP: 25/30 MP: 3/7
  2765 | D:3      | Noticed Terence
  2825 | D:3      | Killed Terence
  3482 | D:3      | Noticed a scorpion
  3504 | D:3      | Killed a scorpion
  3505 | D:3      | Gained mutation: You have a pair of small antennae on your
                  | head. [demonic ancestry]
  3505 | D:3      | Reached XP level 5. HP: 8/35 MP: 3/8
  4000 | D:3      | Found an ornate altar of the Wu Jian Council.
  4276 | D:4      | Found an opulent altar of Gozag.
  4367 | D:4      | Noticed a black bear
  4385 | D:4      | Killed a black bear
  4386 | D:4      | Gained mutation: You are surrounded by a mild repulsion
                  | field. (EV +2) [demonic ancestry]
  4386 | D:4      | Reached XP level 6. HP: 29/41 MP: 2/9
  4396 | D:4      | Reached skill level 5 in Ice Magic
  4442 | D:4      | Found a glowing drain.
  4449 | Sewer    | Entered a sewer
  5012 | Sewer    | Identified a scroll of acquirement
  5012 | Sewer    | Acquired a +4 vampiric scimitar
  5076 | D:4      | Found Enguvint's Antique Weapon Shoppe.
  5085 | D:4      | Reached skill level 1 in Fighting
  5085 | D:4      | Reached XP level 7. HP: 42/48 MP: 8/10
  5480 | D:4      | Found a hazy altar of Hepliaklqana.
  5506 | D:5      | Entered Level 5 of the Dungeon
  5544 | D:5      | Reached * piety under Okawaru
  5545 | D:5      | Reached skill level 1 in Long Blades
  5545 | D:5      | Reached skill level 1 in Invocations
  5685 | D:5      | You are sucked into a shaft and drop 3 floors!
  5718 | D:8      | Noticed a centaur warrior
  5741 | D:8      | Killed a centaur warrior
  5741 | D:8      | Reached ** piety under Okawaru
  5742 | D:8      | Reached skill level 3 in Long Blades
  5742 | D:8      | Gained mutation: You have a pair of antennae on your head.
                  | [demonic ancestry]
  5742 | D:8      | Reached XP level 8. HP: 45/60 MP: 0/11
  5869 | D:7      | Found a staircase to the Ecumenical Temple.
  5981 | D:7      | Reached skill level 5 in Invocations
  6013 | Temple   | Entered the Ecumenical Temple
  6350 | D:7      | Reached skill level 4 in Long Blades
  6390 | D:7      | Reached skill level 5 in Fighting
  6597 | D:7      | Gained mutation: You are surrounded by a moderate repulsion
                  | field. (EV +3) [demonic ancestry]
  6597 | D:7      | Reached XP level 9. HP: 37/68 MP: 9/13
  6924 | D:7      | Found a broken altar of Ashenzari.
  7158 | D:7      | Reached skill level 5 in Long Blades
  7172 | D:7      | Reached *** piety under Okawaru
  7538 | D:7      | Noticed a deep elf pyromancer
  7573 | D:7      | Killed a deep elf pyromancer
  7691 | D:7      | Noticed a cyclops
  7702 | D:7      | Killed a cyclops
  7703 | D:7      | Reached skill level 6 in Long Blades
  7763 | D:7      | Reached XP level 10. HP: 38/74 MP: 7/16
  7764 | D:7      | Reached **** piety under Okawaru
  7993 | D:7      | Reached skill level 5 in Dodging
  8253 | D:6      | Found Wataomok's Antique Armour Emporium.
  8260 | D:6      | Bought a thick robe for 159 gold pieces
  8260 | D:6      | Identified the +1 robe of Relativism {rElec rF++ Str-3
                  | Stlth+} (You bought it in a shop on level 6 of the Dungeon)
  8458 | D:6      | Found a shadowy altar of Dithmenos.
  8629 | D:6      | Identified the +6 short sword "X" {venom, Will+ Int+5
                  | Stlth+}
  9154 | D:5      | Noticed Edmund
  9157 | D:5      | Noticed Duvessa
  9157 | D:5      | Noticed Dowan
  9162 | D:5      | Killed Dowan
  9170 | D:5      | Killed Duvessa
  9187 | D:5      | Killed Edmund
  9318 | D:5      | Noticed Sigmund
  9330 | D:5      | Killed Sigmund
  9331 | D:5      | Reached skill level 7 in Long Blades
  9725 | D:8      | Noticed Pikel
  9743 | D:8      | Killed Pikel
 10408 | D:8      | Reached skill level 5 in Stealth
 10917 | D:9      | Gained mutation: You have a pair of large antennae on your
                  | head. (SInv) [demonic ancestry]
 10917 | D:9      | Reached XP level 11. HP: 83/84 MP: 15/17
 11149 | D:9      | Reached ***** piety under Okawaru
 11338 | D:9      | Found Bimiheud's Jewellery Shoppe.
 11409 | D:9      | Reached skill level 8 in Long Blades
 11521 | D:9      | HP: 2/85 [yak (3)]
 12223 | D:10     | Entered Level 10 of the Dungeon
 12347 | D:10     | Found a stormy altar of Qazlal.
 12350 | D:10     | Noticed a two-headed ogre
 12366 | D:10     | Killed a two-headed ogre
 12369 | D:10     | Noticed a two-headed ogre
 12378 | D:10     | Killed a two-headed ogre
 12378 | D:10     | Identified the +10 lajatang "Cekiass" {vamp, rCorr}
                  | (Okawaru gifted it to you on level 10 of the Dungeon)
 12378 | D:10     | Received a gift from Okawaru
 12608 | D:10     | Found a snail-covered altar of Cheibriados.
 13526 | D:11     | Found a staircase to the Lair.
 13591 | D:11     | Reached XP level 12. HP: 61/94 MP: 18/18
 13764 | D:11     | Reached skill level 9 in Long Blades
 13899 | D:11     | Noticed a two-headed ogre
 13904 | D:11     | Killed a two-headed ogre
 13904 | D:11     | Identified the +1 robe of Paranoia {rF+} (Okawaru gifted it
                  | to you on level 11 of the Dungeon)
 13904 | D:11     | Received a gift from Okawaru
 14391 | D:11     | Noticed a two-headed ogre
 14399 | D:11     | Killed a two-headed ogre
 14587 | D:11     | Found Bausov's Distillery.
 14592 | D:11     | Bought a potion of degeneration for 13 gold pieces
 14593 | D:11     | Reached skill level 11 in Long Blades
 14593 | D:11     | Reached XP level 13. HP: 101/101 MP: 19/19
 14892 | D:12     | Noticed Jorgrun
 15059 | D:12     | Slain by Jorgrun

Illustrated notes

Levels and vault maps discovered:
D:1:      dpeg_cavernosity, layout_basic, basic_ecumenical_altar
D:2:      layout_loops_ring, basic_altar, grunt_ministairs_5,
          serial_bayou_pond_c
D:3:      layout_basic, elyvilon_altar_5, nzn_wu_jian_council_hall, uniq_terence
D:4:      layout_rooms, grunt_gozag_statues, lemuel_coloured_pillars_altar,
          serial_shops, shop, gup_sewer_entry_bubbles
D:5:      layout_loops_ring, mainiacjoe_overflow_alcove_1, solitary_fountain,
          uniq_sigmund, uniq_edmund, uniq_duvessa
D:6:      layout_loops_cross, grunt_dithmenos_smoke_and_mirrors, serial_shops,
          nicolae_take_the_stairs
D:7:      kennysheep_windowed_halls, layout_basic, evilmike_ruin_ashenzari,
          minmay_temple_entry_waves, minmay_crossroads
D:8:      layout_basic, uniq_pikel
D:9:      layout_irregular_city, serial_shops,
          nicolae_shop_temple_entry_statues_fountains, serial_undead,
          serial_undead_a, serial_undead_e, serial_undead_f, serial_undead_e,
          serial_undead_e, serial_undead_f, serial_undead_a, serial_undead_a,
          nrook_mini_backslash
D:10:     layout_roguey [special_room_orc], mainiacjoe_overflow_surrounded_room,
          kennysheep_diamond
D:11:     layout_loops_corners, erik_lair_island, serial_shops, shop,
          minmay_misc_feat_roman
D:12:     layout_loops_cross, orc_0_dummy, uniq_jorgrun
Temple:   nicolae_temple_two_arcs

Skill      XL: |  1  2  3  4  5  6  7  8  9 10 11 12 |
---------------+-------------------------------------+-----
Conjurations   | 2 |  2.7
Ice Magic      | 2 3 4 6 |  6.0
Fighting       | 1 3 5 7 8 9 |  9.3
Long Blades    | 3 4 6 7 8 11 | 11.9
Invocations    | 4 6 8 9 |  9.0
Dodging        | 2 4 6 7 8 |  8.3
Stealth        | 2 5 7 |  7.9
Spellcasting   | |  2.0
Air Magic      | |  2.7

Action                   |  1- 3 |  4- 6 |  7- 9 | 10-12 | 13-15 || total
-------------------------+-------+-------+-------+-------+-------++-------
Melee: Spear             |    27 |       |       |       |       ||    27
       Dagger            |    97 |   206 |       |       |       ||   303
       Punch             |       |     4 |     6 |    15 |       ||    25
       Scimitar          |       |    15 |   240 |   419 |     4 ||   678
       Short sword       |       |       |       |    89 |       ||    89
 Cast: Shock             |    34 |    10 |     2 |       |       ||    46
       Frozen Ramparts   |     3 |    20 |     8 |     5 |       ||    36
Invok: Heroism           |       |       |    14 |    14 |     1 ||    29
Evoke: Condenser vane    |       |       |       |       |     1 ||     1
  Use: Potion            |     1 |     6 |     4 |     3 |     1 ||    15
       Scroll            |     5 |     6 |     1 |    17 |     2 ||    31
 Stab: Sleeping          |     6 |     3 |     2 |    21 |     1 ||    33
       Distracted        |     2 |       |     1 |     3 |       ||     6
Armor: Robe              |    34 |    77 |    56 |    70 |       ||   237
Dodge: Dodged            |    91 |   173 |   170 |   377 |    15 ||   826

Table legend: (Time is in decaauts)
 A = Elapsed time spent in this place.
 B = Non-inter-level travel time spent in this place.
 C = Inter-level travel time spent in this place.
 D = Time resting spent in this place.
 E = Time spent auto-exploring this place.
 F = Levels seen in this place.
 G = Mean time per level.
                   A        B        C        D        E       F      G
               +--------+--------+--------+--------+--------+-----+--------+
         Total |  15033 |  14083 |    950 |    511 |  10925 |  14 | 1073.8 |
       Dungeon |  14217 |  13272 |    945 |    511 |  10248 |  12 | 1184.8 |
        Temple |    245 |    240 |      5 |      0 |    237 |   1 |  245.0 |
         Sewer |    570 |    570 |      0 |      0 |    440 |   1 |  570.0 |
               +--------+--------+--------+--------+--------+-----+--------+

Top non-repeatable levels by time:
     D:7: 2287 daAuts
     D:1: 1654 daAuts
     D:3: 1480 daAuts
     D:9: 1394 daAuts
    D:11: 1371 daAuts
     D:8: 1346 daAuts
    D:10: 1108 daAuts
     D:2: 1030 daAuts
     D:5: 807 daAuts
     D:4: 791 daAuts
     D:6: 775 daAuts
   Sewer: 570 daAuts
  Temple: 245 daAuts
    D:12: 167 daAuts
